[ AOE2 MATCH · #470508114 ]
UnrankedByzantines vs Saracens
[ REPLAY ANALYSIS · EXTRACTED FROM THE RECORDED GAME ]
Feudal
11:11
Castle
15:08
Imperial
30:56
| APM avg | 38.3 |
| APM peak | 77 |
| eAPM avg | 20.4 |
| Villagers / military | 170 / 143 |
Focus
⚔️ 29.8% · 🌾 70.2%
Cataphract ×67 · Skirmisher ×62 · Trade Cart ×11 · Bombard Cannon ×10 · Trebuchet (Packed) ×3 · Mangonel ×1
Feudal
16:23
Castle
21:13
Imperial
34:17
| APM avg | 45.2 |
| APM peak | 89 |
| eAPM avg | 28.2 |
| Villagers / military | 139 / 150 |
Focus
⚔️ 36.1% · 🌾 63.9%
Archer ×66 · Spearman ×52 · Trebuchet (Packed) ×10 · Militia ×9 · Monk ×8 · Battering Ram ×5
Feudal
10:55
Castle
14:32
Imperial
29:46
| APM avg | 39.0 |
| APM peak | 93 |
| eAPM avg | 20.3 |
| Villagers / military | 141 / 119 |
Focus
⚔️ 28.2% · 🌾 71.8%
Mameluke ×105 · Trade Cart ×30 · Trebuchet (Packed) ×9 · Bombard Cannon ×3 · Monk ×2
Feudal
10:55
Castle
14:26
Imperial
33:35
| APM avg | 54.6 |
| APM peak | 124 |
| eAPM avg | 27.5 |
| Villagers / military | 177 / 49 |
Focus
⚔️ 38.3% · 🌾 61.7%
Unknown (1920) ×124 · Steppe Lancer ×49
Feudal
11:04
Castle
17:06
Imperial
31:42
| APM avg | 51.3 |
| APM peak | 112 |
| eAPM avg | 29.0 |
| Villagers / military | 171 / 105 |
Focus
⚔️ 31.7% · 🌾 68.3%
Hand Cannoneer ×71 · Scout Cavalry ×22 · Mangonel ×5 · Bombard Cannon ×4 · Cavalry Archer ×2 · Monk ×1
Feudal
12:46
Castle
26:06
Imperial
—
| APM avg | 41.5 |
| APM peak | 91 |
| eAPM avg | 25.5 |
| Villagers / military | 104 / 17 |
Focus
⚔️ 31.0% · 🌾 69.0%
Archer ×12 · Spearman ×5
Feudal
10:54
Castle
24:17
Imperial
32:48
| APM avg | 39.6 |
| APM peak | 83 |
| eAPM avg | 25.1 |
| Villagers / military | 172 / 33 |
Focus
⚔️ 24.0% · 🌾 76.0%
Knight ×16 · Serjeant ×12 · Spearman ×4 · Battering Ram ×1
Feudal
11:26
Castle
15:03
Imperial
40:25
| APM avg | 37.2 |
| APM peak | 61 |
| eAPM avg | 25.6 |
| Villagers / military | 153 / 59 |
Focus
⚔️ 33.2% · 🌾 66.8%
Cavalry Archer ×29 · Knight ×23 · Monk ×7
Match map
Initial resources + every placement click. Lines = walls · curves = elevation contours. ◆ gold · ⬟ stone · ● berries · ✦ relic · ◌ wall gap
Your base· ✓ Closed at 15:08 · 0t walls · fragile
FalconElPardal's base· ✓ Closed at 21:13 · 65t walls · 2 gate(s)
Valar's base· ✓ Closed at 14:32 · 26t walls · no gate
Ux' 25 BoomiN's base· ✓ Closed at 14:26 · 7t walls · fragile
Legion64's base· ✓ Closed at 17:06 · 23t walls · 1 gate(s)
machpatel's base· ✓ Closed at 26:06 · 68t walls · 1 gate(s) · fragile
Lolokoil's base· ✓ Closed at 24:17 · 22t walls · 1 gate(s)
Water's base· ✓ Closed at 15:03 · 14t walls · no gate
Smoothed initial terrain · ◌ = detected wall gap · hover for details
Inputs per minute
— Wolf Knight - - FalconElPardal
Build order — Wolf Knight
First 150 of 466 actions detected
| 0:02 | Create | Villager (Male) |
| 0:02 | Create | Villager (Male) |
| 0:03 | Create | Villager (Male) |
| 0:03 | Create | Villager (Male) |
| 0:03 | Create | Villager (Male) |
| 0:04 | Build | House |
| 0:05 | Build | House |
| 1:23 | Create | Villager (Male) |
| 1:24 | Create | Villager (Male) |
| 2:06 | Create | Villager (Male) |
| 2:07 | Create | Villager (Male) |
| 2:08 | Build | Lumber Camp |
| 2:29 | Create | Villager (Male) |
| 2:29 | Create | Villager (Male) |
| 2:58 | Create | Villager (Male) |
| 2:58 | Create | Villager (Male) |
| 2:58 | Create | Villager (Male) |
| 3:36 | Build | House |
| 3:46 | Create | Villager (Male) |
| 3:46 | Create | Villager (Male) |
| 3:46 | Create | Villager (Male) |
| 4:12 | Create | Villager (Male) |
| 4:43 | Build | Mill |
| 4:48 | Build | Mill |
| 4:57 | Create | Villager (Male) |
| 5:27 | Create | Villager (Male) |
| 5:27 | Create | Villager (Male) |
| 5:40 | Create | Villager (Male) |
| 5:41 | Create | Villager (Male) |
| 5:53 | Build | House |
| 6:18 | Create | Villager (Male) |
| 6:18 | Create | Villager (Male) |
| 6:18 | Create | Villager (Male) |
| 7:06 | Create | Villager (Male) |
| 7:26 | Create | Villager (Male) |
| 8:02 | Build | Mining Camp |
| 8:13 | Create | Villager (Male) |
| 8:29 | Build | House |
| 9:01 | Research | Feudal Age |
| 10:06 | Create | Villager (Male) |
| 10:06 | Create | Villager (Male) |
| 11:11 | Age | Feudal Age |
| 11:13 | Build | Market |
| 11:18 | Build | Blacksmith |
| 12:28 | Research | Castle Age |
| 12:37 | Research | Double-Bit Axe |
| 12:45 | Research | Horse Collar |
| 12:50 | Build | Farm |
| 12:51 | Build | Farm |
| 12:52 | Build | Farm |
| 12:55 | Build | Farm |
| 12:56 | Build | Farm |
| 12:57 | Build | Farm |
| 13:27 | Build | Farm |
| 14:29 | Create | Villager (Male) |
| 14:29 | Create | Villager (Male) |
| 15:08 | Age | Castle Age |
| 15:24 | Create | Villager (Male) |
| 15:28 | Build | Town Center |
| 15:30 | Research | Bow Saw |
| 15:32 | Research | Heavy Plow |
| 15:41 | Build | Town Center |
| 15:52 | Create | Villager (Male) |
| 16:13 | Create | Villager (Male) |
| 16:28 | Research | Loom |
| 16:42 | Build | House |
| 16:45 | Create | Villager (Male) |
| 16:54 | Create | Villager (Male) |
| 17:10 | Create | Villager (Male) |
| 17:11 | Create | Villager (Male) |
| 17:32 | Create | Villager (Male) |
| 17:34 | Create | Villager (Male) |
| 17:35 | Create | Villager (Male) |
| 17:49 | Build | Farm |
| 17:52 | Create | Villager (Male) |
| 17:58 | Build | Farm |
| 17:59 | Create | Villager (Male) |
| 18:03 | Create | Villager (Male) |
| 18:12 | Build | Town Center |
| 18:21 | Build | Farm |
| 18:21 | Create | Villager (Male) |
| 18:33 | Create | Villager (Male) |
| 18:33 | Create | Villager (Male) |
| 18:48 | Create | Villager (Male) |
| 19:11 | Build | Siege Workshop |
| 19:11 | Create | Villager (Male) |
| 19:12 | Create | Villager (Male) |
| 19:26 | Build | Siege Workshop |
| 19:26 | Create | Villager (Male) |
| 19:26 | Create | Villager (Male) |
| 19:29 | Build | Farm |
| 19:31 | Build | House |
| 19:33 | Build | Farm |
| 19:33 | Build | Farm |
| 19:33 | Build | Farm |
| 19:33 | Build | Farm |
| 19:34 | Build | Farm |
| 19:36 | Create | Villager (Male) |
| 19:37 | Create | Villager (Male) |
| 19:40 | Build | Farm |
| 19:43 | Build | Farm |
| 19:51 | Create | Villager (Male) |
| 19:52 | Create | Villager (Male) |
| 19:57 | Create | Villager (Male) |
| 19:59 | Build | Farm |
| 20:00 | Build | Farm |
| 20:09 | Create | Villager (Male) |
| 20:09 | Create | Villager (Male) |
| 20:10 | Create | Villager (Male) |
| 20:13 | Build | Farm |
| 20:31 | Create | Villager (Male) |
| 20:31 | Create | Villager (Male) |
| 20:44 | Create | Villager (Male) |
| 20:44 | Create | Villager (Male) |
| 20:46 | Build | Farm |
| 20:49 | Build | Farm |
| 20:52 | Create | Trade Cart |
| 20:56 | Build | House |
| 20:58 | Build | House |
| 21:00 | Build | House |
| 21:03 | Create | Villager (Male) |
| 21:03 | Create | Villager (Male) |
| 21:08 | Build | House |
| 21:08 | Build | House |
| 21:09 | Build | House |
| 21:10 | Build | House |
| 21:10 | Build | House |
| 21:10 | Build | House |
| 21:10 | Build | House |
| 21:11 | Build | House |
| 21:11 | Create | Villager (Male) |
| 21:16 | Create | Villager (Male) |
| 21:16 | Create | Villager (Male) |
| 21:28 | Create | Villager (Male) |
| 21:32 | Build | Farm |
| 21:34 | Build | Farm |
| 21:39 | Create | Villager (Male) |
| 21:39 | Create | Villager (Male) |
| 21:52 | Build | House |
| 21:52 | Create | Villager (Male) |
| 21:53 | Create | Villager (Male) |
| 21:57 | Build | Farm |
| 21:59 | Build | Farm |
| 22:01 | Build | Farm |
| 22:05 | Create | Villager (Male) |
| 22:05 | Create | Villager (Male) |
| 22:23 | Create | Villager (Male) |
| 22:23 | Create | Villager (Male) |
| 22:24 | Create | Villager (Male) |
| 22:24 | Create | Villager (Male) |
Build order — FalconElPardal
First 150 of 529 actions detected
| 0:01 | Create | Villager (Male) |
| 0:01 | Create | Villager (Male) |
| 0:01 | Create | Villager (Male) |
| 0:02 | Build | House |
| 0:03 | Build | House |
| 0:15 | Create | Villager (Male) |
| 0:15 | Create | Villager (Male) |
| 1:23 | Research | Loom |
| 1:33 | Create | Villager (Male) |
| 1:34 | Create | Villager (Male) |
| 2:02 | Create | Villager (Male) |
| 2:02 | Create | Villager (Male) |
| 2:41 | Create | Villager (Male) |
| 2:41 | Create | Villager (Male) |
| 2:42 | Create | Villager (Male) |
| 2:43 | Build | Lumber Camp |
| 3:11 | Create | Villager (Male) |
| 3:11 | Create | Villager (Male) |
| 3:11 | Create | Villager (Male) |
| 3:28 | Build | Palisade Wall |
| 3:48 | Create | Villager (Male) |
| 3:48 | Create | Villager (Male) |
| 4:08 | Create | Villager (Male) |
| 4:08 | Create | Villager (Male) |
| 4:36 | Build | House |
| 4:43 | Create | Villager (Male) |
| 4:43 | Create | Villager (Male) |
| 5:12 | Build | House |
| 5:17 | Create | Villager (Male) |
| 5:17 | Create | Villager (Male) |
| 5:17 | Create | Villager (Male) |
| 5:42 | Create | Villager (Male) |
| 5:42 | Create | Villager (Male) |
| 6:06 | Create | Villager (Male) |
| 6:06 | Create | Villager (Male) |
| 6:07 | Create | Villager (Male) |
| 6:37 | Build | Palisade Wall |
| 6:49 | Build | Palisade Wall |
| 6:50 | Build | Palisade Wall |
| 6:51 | Build | Palisade Wall |
| 6:56 | Create | Villager (Male) |
| 6:56 | Create | Villager (Male) |
| 7:07 | Create | Villager (Male) |
| 7:07 | Create | Villager (Male) |
| 7:39 | Create | Villager (Male) |
| 7:39 | Create | Villager (Male) |
| 7:39 | Create | Villager (Male) |
| 8:04 | Build | Barracks |
| 8:26 | Build | House |
| 8:28 | Create | Militia |
| 8:29 | Create | Militia |
| 8:29 | Create | Militia |
| 8:44 | Create | Militia |
| 8:46 | Create | Villager (Male) |
| 9:05 | Build | Palisade Wall |
| 9:08 | Build | Palisade Wall |
| 9:08 | Build | Palisade Wall |
| 9:09 | Build | Palisade Wall |
| 9:10 | Build | Palisade Wall |
| 9:18 | Build | Palisade Wall |
| 9:20 | Create | Villager (Male) |
| 9:49 | Create | Villager (Male) |
| 9:50 | Create | Villager (Male) |
| 9:50 | Create | Villager (Male) |
| 10:06 | Create | Villager (Male) |
| 10:06 | Create | Villager (Male) |
| 10:24 | Build | House |
| 10:38 | Build | Palisade Wall |
| 10:57 | Build | Lumber Camp |
| 11:02 | Build | Mill |
| 11:20 | Create | Villager (Male) |
| 11:26 | Build | Farm |
| 11:44 | Create | Villager (Male) |
| 11:56 | Build | Mining Camp |
| 12:12 | Create | Villager (Male) |
| 12:13 | Build | Farm |
| 12:15 | Build | Farm |
| 12:32 | Create | Villager (Male) |
| 12:40 | Build | Outpost |
| 12:44 | Build | House |
| 12:46 | Build | Outpost |
| 12:47 | Build | Outpost |
| 12:53 | Build | Farm |
| 12:54 | Build | Farm |
| 12:56 | Build | Farm |
| 13:04 | Build | Outpost |
| 13:11 | Build | Farm |
| 13:26 | Create | Villager (Male) |
| 13:59 | Build | Farm |
| 13:59 | Build | Farm |
| 14:13 | Research | Feudal Age |
| 14:13 | Research | Feudal Age |
| 14:18 | Build | House |
| 14:34 | Build | Farm |
| 14:35 | Build | Farm |
| 14:41 | Create | Militia |
| 14:42 | Create | Militia |
| 14:50 | Build | House |
| 14:52 | Build | Farm |
| 14:55 | Create | Militia |
| 14:55 | Create | Militia |
| 15:08 | Build | Farm |
| 15:10 | Build | Farm |
| 15:11 | Create | Militia |
| 16:23 | Age | Feudal Age |
| 16:25 | Research | Man-at-Arms (upgrade) |
| 16:28 | Create | Villager (Male) |
| 16:29 | Build | Market |
| 16:31 | Build | Blacksmith |
| 16:44 | Research | Double-Bit Axe |
| 16:45 | Create | Villager (Male) |
| 16:47 | Build | Farm |
| 16:49 | Build | Farm |
| 17:02 | Build | Stone Wall |
| 17:03 | Build | Stone Wall |
| 17:07 | Create | Villager (Male) |
| 17:12 | Build | Gate |
| 17:13 | Build | Stone Wall |
| 17:13 | Build | Stone Wall |
| 17:22 | Build | Gate |
| 17:24 | Build | Stone Wall |
| 17:30 | Create | Villager (Male) |
| 17:39 | Build | House |
| 17:57 | Create | Villager (Male) |
| 18:20 | Research | Castle Age |
| 18:20 | Research | Castle Age |
| 18:28 | Build | Gate |
| 18:29 | Build | Stone Wall |
| 18:31 | Build | Stone Wall |
| 18:40 | Research | Gold Mining |
| 19:20 | Create | Villager (Male) |
| 20:08 | Build | House |
| 20:08 | Build | House |
| 21:03 | Build | House |
| 21:11 | Create | Villager (Male) |
| 21:13 | Age | Castle Age |
| 21:15 | Build | Town Center |
| 21:18 | Build | Monastery |
| 21:19 | Research | Bow Saw |
| 21:21 | Create | Villager (Male) |
| 21:31 | Build | Town Center |
| 21:52 | Create | Monk |
| 21:53 | Create | Monk |
| 21:58 | Create | Villager (Male) |
| 21:58 | Create | Villager (Male) |
| 21:58 | Create | Villager (Male) |
| 22:25 | Build | Town Center |
| 22:52 | Research | Sanctity |
| 22:52 | Research | Sanctity |
| 22:57 | Create | Villager (Male) |
Build order — Valar
First 150 of 389 actions detected
| 0:00 | Create | Villager (Male) |
| 0:01 | Create | Villager (Male) |
| 0:01 | Create | Villager (Male) |
| 0:01 | Create | Villager (Male) |
| 0:02 | Build | House |
| 0:04 | Build | House |
| 1:27 | Create | Villager (Male) |
| 1:56 | Create | Villager (Male) |
| 2:21 | Create | Villager (Male) |
| 2:28 | Create | Villager (Male) |
| 2:44 | Build | Lumber Camp |
| 2:56 | Create | Villager (Male) |
| 3:24 | Create | Villager (Male) |
| 3:38 | Create | Villager (Male) |
| 3:55 | Build | House |
| 4:22 | Create | Villager (Male) |
| 4:39 | Create | Villager (Male) |
| 4:39 | Create | Villager (Male) |
| 4:55 | Create | Villager (Male) |
| 5:06 | Build | House |
| 5:33 | Build | Mill |
| 5:47 | Create | Villager (Male) |
| 6:14 | Create | Villager (Male) |
| 6:40 | Create | Villager (Male) |
| 6:52 | Create | Villager (Male) |
| 7:05 | Create | Villager (Male) |
| 7:37 | Create | Villager (Male) |
| 8:13 | Create | Villager (Male) |
| 8:18 | Research | Feudal Age |
| 8:22 | Build | House |
| 8:42 | Build | House |
| 9:05 | Build | Mining Camp |
| 9:57 | Build | Palisade Wall |
| 10:30 | Build | House |
| 10:38 | Create | Villager (Male) |
| 10:55 | Age | Feudal Age |
| 10:57 | Build | Market |
| 11:00 | Build | Blacksmith |
| 11:20 | Create | Villager (Male) |
| 11:29 | Build | Palisade Wall |
| 11:52 | Research | Castle Age |
| 11:58 | Build | Palisade Wall |
| 11:59 | Build | Palisade Wall |
| 12:05 | Build | Palisade Wall |
| 12:11 | Build | Palisade Wall |
| 12:13 | Build | Palisade Wall |
| 12:27 | Build | Palisade Wall |
| 12:31 | Build | Palisade Wall |
| 12:39 | Build | Stone Wall |
| 12:50 | Build | Palisade Wall |
| 12:52 | Build | Palisade Wall |
| 13:13 | Build | Palisade Wall |
| 13:19 | Research | Double-Bit Axe |
| 13:36 | Research | Horse Collar |
| 14:23 | Create | Villager (Male) |
| 14:32 | Age | Castle Age |
| 14:37 | Build | Town Center |
| 14:45 | Build | House |
| 14:55 | Build | Town Center |
| 15:06 | Create | Villager (Male) |
| 15:14 | Build | House |
| 15:24 | Create | Villager (Male) |
| 15:29 | Build | Town Center |
| 15:40 | Create | Villager (Male) |
| 15:50 | Create | Villager (Male) |
| 15:57 | Build | Farm |
| 16:00 | Create | Villager (Male) |
| 16:06 | Create | Villager (Male) |
| 16:19 | Create | Villager (Male) |
| 16:24 | Build | Farm |
| 16:25 | Create | Villager (Male) |
| 16:31 | Build | Farm |
| 16:33 | Create | Villager (Male) |
| 16:38 | Create | Villager (Male) |
| 16:38 | Create | Villager (Male) |
| 16:42 | Build | Farm |
| 16:43 | Create | Villager (Male) |
| 16:52 | Create | Villager (Male) |
| 17:00 | Create | Villager (Male) |
| 17:06 | Build | Farm |
| 17:11 | Build | Farm |
| 17:13 | Create | Villager (Male) |
| 17:17 | Create | Villager (Male) |
| 17:19 | Build | Farm |
| 17:29 | Build | Farm |
| 17:37 | Create | Villager (Male) |
| 17:38 | Create | Villager (Male) |
| 17:41 | Build | Farm |
| 17:43 | Build | Farm |
| 17:44 | Build | Farm |
| 17:45 | Create | Villager (Male) |
| 17:54 | Build | Farm |
| 17:54 | Create | Villager (Male) |
| 17:56 | Build | Farm |
| 18:05 | Build | House |
| 18:07 | Build | House |
| 18:09 | Build | Farm |
| 18:11 | Create | Villager (Male) |
| 18:16 | Create | Villager (Male) |
| 18:16 | Create | Villager (Male) |
| 18:20 | Build | Farm |
| 18:26 | Create | Villager (Male) |
| 18:30 | Build | Farm |
| 18:34 | Create | Villager (Male) |
| 18:36 | Build | Farm |
| 18:39 | Build | Farm |
| 18:44 | Create | Villager (Male) |
| 18:52 | Create | Villager (Male) |
| 19:00 | Create | Villager (Male) |
| 19:00 | Create | Villager (Male) |
| 19:02 | Create | Villager (Male) |
| 19:07 | Build | Farm |
| 19:09 | Build | Farm |
| 19:10 | Build | Farm |
| 19:11 | Create | Villager (Male) |
| 19:20 | Build | House |
| 19:21 | Build | House |
| 19:22 | Create | Villager (Male) |
| 19:32 | Create | Villager (Male) |
| 19:34 | Create | Villager (Male) |
| 19:36 | Build | Farm |
| 19:39 | Build | Farm |
| 19:40 | Build | Farm |
| 19:40 | Build | Farm |
| 19:41 | Build | Farm |
| 19:41 | Build | Farm |
| 19:41 | Build | Farm |
| 19:41 | Build | Farm |
| 19:42 | Build | Farm |
| 19:48 | Build | Farm |
| 19:51 | Build | Farm |
| 19:53 | Build | Farm |
| 19:53 | Create | Villager (Male) |
| 19:54 | Create | Villager (Male) |
| 19:57 | Create | Villager (Male) |
| 20:01 | Build | Lumber Camp |
| 20:04 | Create | Villager (Male) |
| 20:08 | Build | Farm |
| 20:08 | Create | Villager (Male) |
| 20:19 | Build | House |
| 20:21 | Build | House |
| 20:23 | Build | House |
| 20:24 | Create | Villager (Male) |
| 20:26 | Create | Villager (Male) |
| 20:31 | Research | Wheelbarrow |
| 20:36 | Build | Farm |
| 20:36 | Create | Villager (Male) |
| 20:42 | Create | Villager (Male) |
| 20:45 | Build | Farm |
| 20:48 | Build | Farm |
Build order — Ux' 25 BoomiN
First 150 of 479 actions detected
| 0:00 | Create | Villager (Male) |
| 0:00 | Create | Villager (Male) |
| 0:01 | Create | Villager (Male) |
| 0:01 | Create | Villager (Male) |
| 0:02 | Build | House |
| 0:03 | Build | House |
| 1:19 | Create | Villager (Male) |
| 1:20 | Create | Villager (Male) |
| 1:40 | Create | Villager (Male) |
| 1:46 | Build | Lumber Camp |
| 2:28 | Create | Villager (Male) |
| 2:34 | Create | Villager (Male) |
| 3:01 | Create | Villager (Male) |
| 3:09 | Build | House |
| 3:44 | Create | Villager (Male) |
| 3:59 | Create | Villager (Male) |
| 4:33 | Create | Villager (Male) |
| 4:33 | Create | Villager (Male) |
| 4:39 | Build | House |
| 4:40 | Build | Palisade Wall |
| 4:43 | Create | Villager (Male) |
| 4:54 | Create | Villager (Male) |
| 4:54 | Create | Villager (Male) |
| 5:11 | Create | Villager (Male) |
| 5:48 | Create | Villager (Male) |
| 5:57 | Build | Mill |
| 6:14 | Create | Villager (Male) |
| 6:45 | Create | Villager (Male) |
| 6:56 | Create | Villager (Male) |
| 7:21 | Create | Villager (Male) |
| 7:35 | Create | Villager (Male) |
| 8:08 | Build | Mining Camp |
| 8:41 | Research | Feudal Age |
| 9:01 | Build | House |
| 9:07 | Create | Villager (Male) |
| 10:27 | Create | Villager (Male) |
| 10:55 | Age | Feudal Age |
| 10:58 | Build | Market |
| 10:59 | Build | Blacksmith |
| 11:46 | Research | Castle Age |
| 12:21 | Research | Double-Bit Axe |
| 12:39 | Research | Tech 1014 |
| 12:52 | Create | Villager (Male) |
| 13:06 | Build | House |
| 13:08 | Build | Barracks |
| 14:04 | Build | Stable |
| 14:06 | Research | Forging |
| 14:08 | Create | Villager (Male) |
| 14:26 | Age | Castle Age |
| 14:31 | Build | Town Center |
| 14:43 | Create | Villager (Male) |
| 14:45 | Build | Pasture |
| 14:53 | Create | Villager (Male) |
| 14:55 | Create | Steppe Lancer |
| 14:55 | Create | Steppe Lancer |
| 15:31 | Build | Pasture |
| 15:31 | Create | Steppe Lancer |
| 15:31 | Create | Steppe Lancer |
| 15:48 | Build | Pasture |
| 15:52 | Create | Villager (Male) |
| 16:02 | Create | Villager (Male) |
| 16:08 | Create | Steppe Lancer |
| 16:08 | Create | Steppe Lancer |
| 16:08 | Create | Steppe Lancer |
| 16:24 | Build | Pasture |
| 16:25 | Create | Villager (Male) |
| 16:39 | Create | Villager (Male) |
| 16:46 | Build | House |
| 16:57 | Create | Villager (Male) |
| 16:58 | Create | Villager (Male) |
| 17:15 | Build | Pasture |
| 17:20 | Create | Villager (Male) |
| 17:36 | Create | Steppe Lancer |
| 17:39 | Create | Villager (Male) |
| 17:46 | Build | Pasture |
| 17:58 | Build | Pasture |
| 17:58 | Create | Villager (Male) |
| 18:04 | Create | Villager (Male) |
| 18:16 | Create | Villager (Male) |
| 18:17 | Create | Villager (Male) |
| 18:24 | Create | Villager (Male) |
| 18:25 | Create | Villager (Male) |
| 18:27 | Build | House |
| 18:31 | Create | Villager (Male) |
| 18:36 | Build | Town Center |
| 18:41 | Create | Villager (Male) |
| 18:54 | Create | Villager (Male) |
| 19:04 | Create | Steppe Lancer |
| 19:04 | Create | Steppe Lancer |
| 19:11 | Create | Villager (Male) |
| 19:17 | Build | Pasture |
| 19:20 | Build | House |
| 19:23 | Create | Villager (Male) |
| 19:26 | Create | Villager (Male) |
| 19:39 | Build | Pasture |
| 19:42 | Build | House |
| 19:44 | Build | House |
| 19:48 | Build | Pasture |
| 19:55 | Research | Scale Barding Armor |
| 20:03 | Build | Pasture |
| 20:04 | Create | Villager (Male) |
| 20:15 | Create | Steppe Lancer |
| 20:15 | Create | Steppe Lancer |
| 20:20 | Create | Villager (Male) |
| 20:27 | Create | Villager (Male) |
| 20:37 | Create | Steppe Lancer |
| 20:37 | Create | Steppe Lancer |
| 20:44 | Create | Steppe Lancer |
| 20:44 | Create | Steppe Lancer |
| 20:50 | Create | Villager (Male) |
| 20:50 | Create | Villager (Male) |
| 20:51 | Build | Pasture |
| 20:59 | Create | Villager (Male) |
| 20:59 | Create | Villager (Male) |
| 21:05 | Create | Villager (Male) |
| 21:11 | Create | Steppe Lancer |
| 21:17 | Create | Villager (Male) |
| 21:18 | Create | Villager (Male) |
| 21:27 | Create | Villager (Male) |
| 21:27 | Create | Villager (Male) |
| 21:29 | Create | Villager (Male) |
| 21:31 | Build | Pasture |
| 21:40 | Create | Steppe Lancer |
| 21:44 | Build | Stable |
| 21:46 | Create | Villager (Male) |
| 21:48 | Build | House |
| 21:54 | Create | Villager (Male) |
| 21:54 | Create | Villager (Male) |
| 21:55 | Build | Pasture |
| 21:56 | Build | Pasture |
| 22:02 | Create | Villager (Male) |
| 22:04 | Build | House |
| 22:05 | Create | Villager (Male) |
| 22:06 | Create | Villager (Male) |
| 22:15 | Create | Steppe Lancer |
| 22:15 | Create | Steppe Lancer |
| 22:20 | Create | Villager (Male) |
| 22:24 | Create | Villager (Male) |
| 22:24 | Create | Villager (Male) |
| 22:30 | Create | Villager (Male) |
| 22:37 | Create | Villager (Male) |
| 22:37 | Create | Villager (Male) |
| 22:43 | Create | Steppe Lancer |
| 22:48 | Create | Villager (Male) |
| 22:48 | Create | Villager (Male) |
| 22:55 | Create | Villager (Male) |
| 22:55 | Create | Villager (Male) |
| 22:58 | Build | Pasture |
| 23:00 | Build | Pasture |
| 23:02 | Build | Town Center |
Build order — Legion64
First 150 of 467 actions detected
| 0:01 | Create | Villager (Male) |
| 0:01 | Create | Villager (Male) |
| 0:02 | Build | House |
| 0:04 | Build | House |
| 0:08 | Create | Villager (Male) |
| 0:10 | Create | Villager (Male) |
| 0:36 | Research | Loom |
| 0:36 | Research | Loom |
| 0:38 | Create | Villager (Male) |
| 0:49 | Create | Villager (Male) |
| 1:50 | Create | Villager (Male) |
| 2:12 | Build | Palisade Wall |
| 2:19 | Create | Villager (Male) |
| 2:34 | Create | Villager (Male) |
| 2:34 | Create | Villager (Male) |
| 3:06 | Create | Villager (Male) |
| 3:14 | Build | Palisade Wall |
| 3:22 | Build | Palisade Wall |
| 3:25 | Build | Palisade Wall |
| 3:25 | Build | Palisade Wall |
| 3:35 | Create | Villager (Male) |
| 3:40 | Build | Lumber Camp |
| 3:49 | Build | Palisade Wall |
| 4:13 | Create | Villager (Male) |
| 4:14 | Create | Villager (Male) |
| 4:14 | Create | Villager (Male) |
| 4:25 | Build | House |
| 4:32 | Create | Villager (Male) |
| 4:35 | Build | Palisade Wall |
| 5:07 | Create | Villager (Male) |
| 5:19 | Create | Villager (Male) |
| 5:48 | Create | Villager (Male) |
| 5:50 | Build | House |
| 6:06 | Create | Villager (Male) |
| 6:20 | Create | Villager (Male) |
| 6:33 | Create | Villager (Male) |
| 6:35 | Create | Villager (Male) |
| 6:52 | Create | Villager (Male) |
| 6:59 | Build | Mill |
| 7:12 | Create | Villager (Male) |
| 7:40 | Create | Villager (Male) |
| 8:01 | Build | Farm |
| 8:04 | Create | Villager (Male) |
| 8:12 | Build | House |
| 8:19 | Create | Villager (Male) |
| 8:22 | Create | Villager (Male) |
| 8:45 | Research | Feudal Age |
| 9:29 | Build | Mining Camp |
| 10:42 | Create | Villager (Male) |
| 11:04 | Age | Feudal Age |
| 11:27 | Create | Villager (Male) |
| 11:31 | Create | Villager (Male) |
| 11:41 | Build | Market |
| 12:05 | Build | Stone Wall |
| 12:14 | Create | Villager (Male) |
| 12:46 | Build | Gate |
| 13:03 | Create | Villager (Male) |
| 13:04 | Build | Blacksmith |
| 13:25 | Create | Villager (Male) |
| 13:44 | Build | House |
| 13:59 | Build | Palisade Wall |
| 14:26 | Research | Castle Age |
| 14:26 | Research | Castle Age |
| 14:28 | Research | Double-Bit Axe |
| 14:45 | Build | Lumber Camp |
| 15:42 | Build | Stone Wall |
| 16:09 | Build | Stone Wall |
| 16:14 | Research | Horse Collar |
| 16:14 | Research | Horse Collar |
| 16:57 | Create | Villager (Male) |
| 17:06 | Age | Castle Age |
| 17:08 | Create | Villager (Male) |
| 17:09 | Build | Town Center |
| 17:16 | Create | Villager (Male) |
| 17:18 | Build | Siege Workshop |
| 17:31 | Create | Villager (Male) |
| 18:10 | Create | Mangonel |
| 18:10 | Create | Mangonel |
| 18:13 | Create | Villager (Male) |
| 18:25 | Create | Villager (Male) |
| 18:37 | Create | Villager (Male) |
| 18:41 | Create | Villager (Male) |
| 19:09 | Create | Villager (Male) |
| 19:17 | Create | Villager (Male) |
| 19:19 | Build | Farm |
| 19:21 | Research | Heavy Plow |
| 19:21 | Research | Heavy Plow |
| 19:23 | Create | Villager (Male) |
| 19:25 | Build | Farm |
| 19:26 | Build | Farm |
| 19:29 | Build | Farm |
| 19:31 | Create | Villager (Male) |
| 19:33 | Research | Bow Saw |
| 19:33 | Research | Bow Saw |
| 19:34 | Create | Villager (Male) |
| 19:36 | Create | Villager (Male) |
| 19:36 | Create | Villager (Male) |
| 19:39 | Build | Farm |
| 19:43 | Create | Villager (Male) |
| 20:00 | Create | Villager (Male) |
| 20:05 | Create | Villager (Male) |
| 20:08 | Build | House |
| 20:11 | Build | Farm |
| 20:13 | Create | Villager (Male) |
| 20:14 | Build | Farm |
| 20:25 | Create | Mangonel |
| 20:29 | Build | House |
| 20:36 | Build | Farm |
| 20:38 | Create | Villager (Male) |
| 20:48 | Create | Villager (Male) |
| 21:01 | Create | Villager (Male) |
| 21:03 | Build | Farm |
| 21:06 | Build | Mining Camp |
| 21:16 | Build | House |
| 21:26 | Research | Heavy Plow |
| 21:27 | Create | Villager (Male) |
| 21:31 | Create | Villager (Male) |
| 21:32 | Build | Farm |
| 21:51 | Create | Villager (Male) |
| 22:02 | Build | Farm |
| 22:04 | Create | Villager (Male) |
| 22:21 | Create | Villager (Male) |
| 22:26 | Create | Villager (Male) |
| 22:29 | Build | Town Center |
| 22:35 | Build | Farm |
| 22:39 | Build | Farm |
| 22:44 | Build | House |
| 22:44 | Build | House |
| 22:46 | Research | Wheelbarrow |
| 22:46 | Research | Wheelbarrow |
| 22:52 | Build | Farm |
| 22:56 | Create | Villager (Male) |
| 23:16 | Create | Villager (Male) |
| 23:17 | Build | Farm |
| 23:18 | Create | Villager (Male) |
| 23:24 | Create | Villager (Male) |
| 23:26 | Build | Farm |
| 23:27 | Build | Farm |
| 23:45 | Create | Villager (Male) |
| 23:47 | Build | Farm |
| 23:48 | Create | Villager (Male) |
| 23:48 | Create | Villager (Male) |
| 23:57 | Build | Gate |
| 24:03 | Create | Villager (Male) |
| 24:09 | Build | Stone Wall |
| 24:12 | Build | Stone Wall |
| 24:19 | Create | Villager (Male) |
| 24:35 | Create | Villager (Male) |
| 24:37 | Build | Farm |
| 24:40 | Create | Villager (Male) |
Build order — machpatel
First 150 of 252 actions detected
| 0:02 | Create | Villager (Male) |
| 0:02 | Create | Villager (Male) |
| 0:03 | Build | House |
| 0:05 | Build | House |
| 0:14 | Create | Villager (Male) |
| 0:14 | Create | Villager (Male) |
| 0:22 | Research | Loom |
| 0:23 | Create | Villager (Male) |
| 0:23 | Create | Villager (Male) |
| 0:31 | Create | Villager (Male) |
| 1:05 | Build | Palisade Wall |
| 1:47 | Create | Villager (Male) |
| 1:48 | Create | Villager (Male) |
| 2:40 | Create | Villager (Male) |
| 2:40 | Create | Villager (Male) |
| 3:11 | Build | Palisade Wall |
| 3:14 | Build | Palisade Wall |
| 3:20 | Build | Palisade Wall |
| 3:23 | Build | Palisade Wall |
| 3:28 | Build | Palisade Wall |
| 3:30 | Build | Palisade Wall |
| 3:35 | Create | Villager (Male) |
| 3:35 | Create | Villager (Male) |
| 3:36 | Create | Villager (Male) |
| 3:41 | Build | Palisade Wall |
| 3:43 | Build | Palisade Wall |
| 3:50 | Build | Palisade Wall |
| 3:51 | Build | Palisade Wall |
| 3:51 | Create | Villager (Male) |
| 3:51 | Create | Villager (Male) |
| 3:55 | Build | Palisade Wall |
| 4:03 | Build | Palisade Wall |
| 4:09 | Build | Palisade Wall |
| 4:10 | Build | Palisade Wall |
| 4:12 | Build | Palisade Wall |
| 4:12 | Create | Villager (Male) |
| 4:13 | Create | Villager (Male) |
| 4:18 | Build | Palisade Wall |
| 4:20 | Build | Palisade Wall |
| 4:41 | Create | Villager (Male) |
| 4:42 | Create | Villager (Male) |
| 5:05 | Build | Lumber Camp |
| 5:17 | Create | Villager (Male) |
| 5:19 | Create | Villager (Male) |
| 5:44 | Create | Villager (Male) |
| 5:44 | Create | Villager (Male) |
| 5:47 | Build | House |
| 6:13 | Create | Villager (Male) |
| 6:13 | Create | Villager (Male) |
| 6:43 | Build | Palisade Wall |
| 6:46 | Create | Villager (Male) |
| 6:47 | Create | Villager (Male) |
| 7:56 | Build | House |
| 8:01 | Build | Palisade Wall |
| 8:04 | Build | Palisade Wall |
| 8:14 | Create | Villager (Male) |
| 8:14 | Create | Villager (Male) |
| 8:15 | Create | Villager (Male) |
| 8:20 | Create | Villager (Male) |
| 8:44 | Create | Villager (Male) |
| 8:44 | Create | Villager (Male) |
| 9:55 | Build | Mining Camp |
| 10:36 | Research | Feudal Age |
| 11:27 | Build | Palisade Wall |
| 11:53 | Build | Palisade Wall |
| 11:55 | Build | Palisade Wall |
| 12:06 | Build | Lumber Camp |
| 12:22 | Create | Villager (Male) |
| 12:22 | Create | Villager (Male) |
| 12:31 | Build | Palisade Wall |
| 12:34 | Build | Palisade Wall |
| 12:46 | Age | Feudal Age |
| 13:05 | Build | House |
| 13:11 | Build | Watch Tower |
| 13:14 | Build | Palisade Wall |
| 13:27 | Build | Barracks |
| 13:37 | Research | Wheelbarrow |
| 13:37 | Research | Wheelbarrow |
| 13:43 | Research | Town Watch |
| 13:43 | Research | Town Watch |
| 13:44 | Create | Villager (Male) |
| 14:00 | Build | Archery Range |
| 14:02 | Create | Villager (Male) |
| 14:26 | Build | Palisade Wall |
| 14:27 | Create | Archer |
| 14:28 | Create | Archer |
| 14:40 | Create | Villager (Male) |
| 14:43 | Build | House |
| 14:54 | Build | House |
| 15:00 | Build | House |
| 15:02 | Build | Palisade Wall |
| 15:11 | Create | Archer |
| 15:11 | Create | Archer |
| 15:44 | Build | Outpost |
| 15:47 | Build | Mill |
| 15:52 | Create | Archer |
| 16:03 | Build | Market |
| 16:07 | Build | Farm |
| 16:12 | Create | Archer |
| 16:27 | Build | Farm |
| 16:39 | Create | Archer |
| 16:39 | Create | Archer |
| 16:48 | Build | Farm |
| 16:54 | Build | House |
| 17:36 | Build | Farm |
| 17:37 | Build | Farm |
| 17:38 | Build | Farm |
| 17:53 | Build | Watch Tower |
| 18:09 | Create | Villager (Male) |
| 18:10 | Create | Villager (Male) |
| 18:12 | Build | Farm |
| 18:16 | Build | Farm |
| 18:30 | Build | Palisade Wall |
| 18:34 | Create | Villager (Male) |
| 18:34 | Create | Villager (Male) |
| 18:36 | Create | Archer |
| 18:36 | Create | Archer |
| 18:43 | Build | Farm |
| 18:59 | Build | Farm |
| 19:00 | Create | Villager (Male) |
| 19:01 | Create | Villager (Male) |
| 19:07 | Build | Farm |
| 19:10 | Create | Archer |
| 19:10 | Create | Archer |
| 19:11 | Create | Villager (Male) |
| 19:11 | Create | Villager (Male) |
| 19:34 | Build | Mill |
| 19:34 | Create | Villager (Male) |
| 20:02 | Build | Palisade Wall |
| 20:08 | Create | Villager (Male) |
| 20:08 | Create | Villager (Male) |
| 20:20 | Create | Villager (Male) |
| 21:32 | Build | Palisade Wall |
| 21:44 | Build | Stone Wall |
| 21:48 | Build | Stone Wall |
| 21:48 | Build | Stone Wall |
| 21:52 | Create | Villager (Male) |
| 22:10 | Create | Villager (Male) |
| 22:22 | Build | Stone Wall |
| 22:26 | Build | Stone Wall |
| 22:32 | Build | Stone Wall |
| 22:32 | Build | Stone Wall |
| 22:37 | Build | Gate |
| 22:52 | Build | Stone Wall |
| 22:54 | Build | Stone Wall |
| 22:56 | Build | Stone Wall |
| 22:59 | Build | Stone Wall |
| 23:01 | Create | Villager (Male) |
| 23:16 | Research | Castle Age |
| 23:35 | Research | Horse Collar |
Build order — Lolokoil
First 150 of 432 actions detected
| 0:01 | Create | Villager (Male) |
| 0:02 | Build | House |
| 0:03 | Build | House |
| 0:04 | Create | Villager (Male) |
| 0:24 | Research | Loom |
| 0:24 | Create | Villager (Male) |
| 0:25 | Create | Villager (Male) |
| 0:25 | Create | Villager (Male) |
| 1:11 | Build | Palisade Wall |
| 1:15 | Build | Palisade Wall |
| 2:07 | Build | Palisade Wall |
| 2:08 | Build | Palisade Wall |
| 2:15 | Build | Palisade Wall |
| 2:18 | Build | Palisade Wall |
| 2:23 | Create | Villager (Male) |
| 2:30 | Build | Lumber Camp |
| 2:41 | Create | Villager (Male) |
| 2:41 | Create | Villager (Male) |
| 3:30 | Create | Villager (Male) |
| 3:32 | Build | House |
| 3:48 | Build | Palisade Wall |
| 3:50 | Build | Palisade Wall |
| 3:58 | Create | Villager (Male) |
| 3:58 | Create | Villager (Male) |
| 4:14 | Create | Villager (Male) |
| 4:14 | Create | Villager (Male) |
| 4:45 | Create | Villager (Male) |
| 5:12 | Create | Villager (Male) |
| 5:12 | Create | Villager (Male) |
| 5:37 | Create | Villager (Male) |
| 5:37 | Create | Villager (Male) |
| 5:46 | Build | Mill |
| 5:56 | Create | Villager (Male) |
| 5:56 | Create | Villager (Male) |
| 5:57 | Build | Mill |
| 6:16 | Build | House |
| 6:21 | Create | Villager (Male) |
| 6:21 | Create | Villager (Male) |
| 7:03 | Create | Villager (Male) |
| 7:03 | Create | Villager (Male) |
| 7:30 | Create | Villager (Male) |
| 7:30 | Create | Villager (Male) |
| 7:37 | Create | Villager (Male) |
| 8:44 | Research | Feudal Age |
| 8:49 | Build | Mining Camp |
| 9:10 | Build | Donjon |
| 9:27 | Build | Lumber Camp |
| 10:10 | Create | Villager (Male) |
| 10:10 | Create | Villager (Male) |
| 10:32 | Build | House |
| 10:54 | Age | Feudal Age |
| 10:55 | Research | Double-Bit Axe |
| 10:57 | Create | Serjeant |
| 10:57 | Create | Serjeant |
| 11:21 | Create | Villager (Male) |
| 11:35 | Create | Serjeant |
| 11:38 | Build | Donjon |
| 11:43 | Create | Villager (Male) |
| 11:53 | Build | Mining Camp |
| 12:07 | Create | Villager (Male) |
| 12:24 | Build | Palisade Gate |
| 12:27 | Build | Palisade Wall |
| 12:34 | Create | Villager (Male) |
| 12:46 | Build | House |
| 13:02 | Create | Villager (Male) |
| 13:05 | Build | House |
| 13:10 | Create | Villager (Male) |
| 13:16 | Build | Mining Camp |
| 13:25 | Create | Villager (Male) |
| 13:51 | Create | Serjeant |
| 13:53 | Create | Serjeant |
| 14:06 | Create | Villager (Male) |
| 14:11 | Research | Horse Collar |
| 14:15 | Build | Market |
| 14:49 | Build | Donjon |
| 14:50 | Create | Serjeant |
| 14:51 | Create | Serjeant |
| 14:52 | Create | Villager (Male) |
| 14:52 | Create | Villager (Male) |
| 14:55 | Build | Farm |
| 14:56 | Build | Farm |
| 15:29 | Create | Villager (Male) |
| 15:31 | Build | Farm |
| 15:34 | Build | House |
| 15:35 | Build | House |
| 15:42 | Build | Farm |
| 15:44 | Create | Villager (Male) |
| 15:56 | Build | House |
| 16:15 | Build | Farm |
| 16:21 | Build | Farm |
| 16:22 | Create | Villager (Male) |
| 16:23 | Create | Villager (Male) |
| 16:29 | Build | Farm |
| 16:51 | Build | Donjon |
| 16:53 | Create | Spearman |
| 16:55 | Create | Villager (Male) |
| 17:04 | Build | Farm |
| 17:28 | Build | Blacksmith |
| 17:29 | Create | Villager (Male) |
| 17:54 | Create | Villager (Male) |
| 17:57 | Build | Farm |
| 17:58 | Build | Farm |
| 18:04 | Build | Farm |
| 18:13 | Build | Farm |
| 18:15 | Create | Villager (Male) |
| 18:24 | Create | Serjeant |
| 18:25 | Create | Serjeant |
| 18:25 | Create | Serjeant |
| 18:28 | Create | Villager (Male) |
| 19:14 | Create | Villager (Male) |
| 19:34 | Build | Donjon |
| 19:40 | Research | Fletching |
| 19:41 | Create | Villager (Male) |
| 19:41 | Create | Villager (Male) |
| 20:09 | Create | Villager (Male) |
| 20:29 | Create | Spearman |
| 20:30 | Create | Spearman |
| 20:32 | Create | Spearman |
| 20:40 | Build | Farm |
| 20:41 | Build | Farm |
| 20:41 | Build | Farm |
| 20:41 | Build | Farm |
| 20:42 | Build | Farm |
| 20:42 | Build | Farm |
| 20:45 | Create | Villager (Male) |
| 20:49 | Build | House |
| 20:50 | Build | House |
| 20:55 | Build | Farm |
| 21:37 | Research | Castle Age |
| 21:44 | Build | Mining Camp |
| 22:05 | Build | Barracks |
| 22:41 | Research | Gold Mining |
| 23:52 | Create | Villager (Male) |
| 23:52 | Create | Villager (Male) |
| 24:17 | Age | Castle Age |
| 24:30 | Create | Villager (Male) |
| 24:35 | Build | Town Center |
| 24:43 | Create | Villager (Male) |
| 24:44 | Research | Bodkin Arrow |
| 25:18 | Create | Villager (Male) |
| 25:19 | Create | Villager (Male) |
| 25:19 | Create | Villager (Male) |
| 25:23 | Build | Town Center |
| 25:24 | Create | Villager (Male) |
| 25:26 | Create | Villager (Male) |
| 25:36 | Build | Castle |
| 25:50 | Create | Villager (Male) |
| 25:51 | Create | Villager (Male) |
| 25:51 | Create | Villager (Male) |
| 26:05 | Build | Outpost |
Build order — Water
First 150 of 394 actions detected
| 0:00 | Create | Villager (Male) |
| 0:02 | Build | House |
| 0:03 | Build | House |
| 0:25 | Create | Villager (Male) |
| 0:25 | Create | Villager (Male) |
| 0:26 | Create | Villager (Male) |
| 1:32 | Create | Villager (Male) |
| 1:52 | Create | Villager (Male) |
| 2:28 | Create | Villager (Male) |
| 2:55 | Create | Villager (Male) |
| 3:11 | Create | Villager (Male) |
| 3:44 | Create | Villager (Male) |
| 3:44 | Create | Villager (Male) |
| 3:53 | Build | House |
| 4:12 | Build | House |
| 4:13 | Build | House |
| 4:28 | Create | Villager (Male) |
| 4:52 | Create | Villager (Male) |
| 5:22 | Create | Villager (Male) |
| 5:29 | Build | Mill |
| 5:32 | Build | Mill |
| 5:52 | Create | Villager (Male) |
| 6:12 | Create | Villager (Male) |
| 6:17 | Create | Villager (Male) |
| 6:41 | Create | Villager (Male) |
| 7:07 | Build | Palisade Wall |
| 7:33 | Create | Villager (Male) |
| 7:56 | Create | Villager (Male) |
| 8:10 | Research | Loom |
| 8:17 | Build | Palisade Wall |
| 8:18 | Build | Palisade Wall |
| 8:21 | Create | Villager (Male) |
| 8:41 | Create | Villager (Male) |
| 8:57 | Create | Villager (Male) |
| 9:16 | Research | Feudal Age |
| 9:28 | Build | Palisade Wall |
| 9:30 | Build | Palisade Wall |
| 9:55 | Build | Barracks |
| 11:13 | Create | Villager (Male) |
| 11:26 | Age | Feudal Age |
| 11:28 | Build | Market |
| 11:30 | Build | Blacksmith |
| 11:53 | Create | Villager (Male) |
| 12:23 | Research | Castle Age |
| 12:27 | Build | Stable |
| 12:30 | Create | Villager (Male) |
| 13:15 | Build | House |
| 13:37 | Build | Mule Cart |
| 13:58 | Build | House |
| 14:03 | Research | Double-Bit Axe |
| 14:23 | Research | Horse Collar |
| 15:03 | Age | Castle Age |
| 15:16 | Create | Villager (Male) |
| 15:21 | Research | Bow Saw |
| 15:21 | Research | Bow Saw |
| 15:27 | Build | Farm |
| 15:28 | Build | Farm |
| 15:29 | Build | Farm |
| 15:31 | Build | Farm |
| 15:32 | Build | Farm |
| 15:40 | Create | Villager (Male) |
| 15:40 | Create | Villager (Male) |
| 15:41 | Create | Villager (Male) |
| 15:51 | Create | Knight |
| 16:12 | Build | Siege Workshop |
| 16:14 | Create | Villager (Male) |
| 16:16 | Create | Villager (Male) |
| 16:22 | Create | Villager (Male) |
| 16:26 | Create | Knight |
| 16:40 | Create | Knight |
| 16:45 | Create | Villager (Male) |
| 16:48 | Build | House |
| 16:50 | Build | Farm |
| 16:51 | Build | Farm |
| 16:52 | Build | Farm |
| 16:56 | Create | Villager (Male) |
| 17:13 | Build | House |
| 17:25 | Create | Knight |
| 17:37 | Build | Monastery |
| 17:41 | Build | House |
| 17:46 | Build | Farm |
| 17:50 | Create | Villager (Male) |
| 17:55 | Build | House |
| 18:16 | Create | Knight |
| 18:19 | Build | House |
| 18:32 | Create | Villager (Male) |
| 18:36 | Build | House |
| 18:36 | Build | House |
| 18:49 | Create | Knight |
| 18:55 | Build | Town Center |
| 19:03 | Build | House |
| 19:12 | Create | Knight |
| 19:25 | Create | Villager (Male) |
| 19:39 | Create | Monk |
| 19:46 | Create | Villager (Male) |
| 19:49 | Build | House |
| 19:50 | Create | Villager (Male) |
| 19:58 | Build | Farm |
| 19:58 | Build | Farm |
| 19:58 | Build | Farm |
| 19:58 | Build | Farm |
| 19:58 | Build | Farm |
| 19:59 | Build | Farm |
| 20:45 | Create | Knight |
| 20:46 | Create | Villager (Male) |
| 20:46 | Create | Villager (Male) |
| 20:53 | Build | House |
| 21:14 | Build | House |
| 21:14 | Create | Villager (Male) |
| 21:14 | Create | Villager (Male) |
| 21:19 | Create | Villager (Male) |
| 21:19 | Create | Villager (Male) |
| 21:19 | Create | Villager (Male) |
| 21:35 | Create | Monk |
| 21:38 | Create | Villager (Male) |
| 21:42 | Build | Monastery |
| 21:47 | Create | Villager (Male) |
| 21:47 | Create | Villager (Male) |
| 21:55 | Create | Villager (Male) |
| 21:57 | Build | House |
| 21:58 | Create | Villager (Male) |
| 22:14 | Create | Knight |
| 22:15 | Create | Villager (Male) |
| 22:24 | Build | Farm |
| 22:24 | Build | Farm |
| 22:24 | Build | Farm |
| 22:24 | Build | Farm |
| 22:25 | Build | Farm |
| 22:25 | Build | Farm |
| 22:25 | Build | Farm |
| 22:31 | Create | Knight |
| 22:43 | Create | Villager (Male) |
| 22:48 | Build | Farm |
| 22:48 | Build | Farm |
| 22:58 | Create | Knight |
| 22:59 | Create | Villager (Male) |
| 23:31 | Build | House |
| 23:32 | Build | House |
| 23:40 | Build | Farm |
| 23:41 | Build | Farm |
| 23:44 | Create | Villager (Male) |
| 23:57 | Create | Knight |
| 24:04 | Build | Farm |
| 24:06 | Research | Wheelbarrow |
| 24:07 | Create | Villager (Male) |
| 24:07 | Create | Villager (Male) |
| 24:07 | Create | Villager (Male) |
| 24:19 | Create | Monk |
| 24:39 | Create | Villager (Male) |
| 24:39 | Create | Villager (Male) |
Match timeline
| 1:05 | machpatel · wall_segment Palisade Wall x7 |
| 1:11 | Lolokoil · wall_segment Palisade Wall x7 |
| 1:15 | Lolokoil · wall_segment Palisade Wall x2 |
| 2:07 | Lolokoil · wall_segment Palisade Wall x1 |
| 2:08 | Lolokoil · wall_segment Palisade Wall x1 |
| 2:12 | Legion64 · wall_segment Palisade Wall x1 |
| 2:15 | Lolokoil · wall_segment Palisade Wall x1 |
| 2:18 | Lolokoil · wall_segment Palisade Wall x1 |
| 3:11 | machpatel · wall_segment Palisade Wall x1 |
| 3:14 | Legion64 · wall_segment Palisade Wall x1 |
| 3:14 | machpatel · wall_segment Palisade Wall x1 |
| 3:20 | machpatel · wall_segment Palisade Wall x1 |
| 3:22 | Legion64 · wall_segment Palisade Wall x1 |
| 3:23 | machpatel · wall_segment Palisade Wall x1 |
| 3:25 | Legion64 · wall_segment Palisade Wall x5 |
| 3:25 | Legion64 · wall_segment Palisade Wall x1 |
| 3:28 | machpatel · wall_segment Palisade Wall x1 |
| 3:28 | FalconElPardal · wall_segment Palisade Wall x1 |
| 3:30 | machpatel · wall_segment Palisade Wall x1 |
| 3:41 | machpatel · wall_segment Palisade Wall x1 |
| 3:43 | machpatel · wall_segment Palisade Wall x1 |
| 3:48 | Lolokoil · wall_segment Palisade Wall x1 |
| 3:49 | Legion64 · wall_segment Palisade Wall x1 |
| 3:50 | Lolokoil · wall_segment Palisade Wall x1 |
| 3:50 | machpatel · wall_segment Palisade Wall x1 |
| 3:51 | machpatel · wall_segment Palisade Wall x1 |
| 3:55 | machpatel · wall_segment Palisade Wall x1 |
| 4:03 | machpatel · wall_segment Palisade Wall x2 |
| 4:09 | machpatel · wall_segment Palisade Wall x2 |
| 4:10 | machpatel · wall_segment Palisade Wall x1 |
| 4:12 | machpatel · wall_segment Palisade Wall x1 |
| 4:18 | machpatel · wall_segment Palisade Wall x1 |
| 4:20 | machpatel · wall_segment Palisade Wall x1 |
| 4:35 | Legion64 · wall_segment Palisade Wall x1 |
| 4:40 | Ux' 25 BoomiN · wall_segment Palisade Wall x7 |
| 6:37 | FalconElPardal · wall_segment Palisade Wall x3 |
| 6:43 | machpatel · wall_segment Palisade Wall x1 |
| 6:49 | FalconElPardal · wall_segment Palisade Wall x2 |
| 6:50 | FalconElPardal · wall_segment Palisade Wall x3 |
| 6:51 | FalconElPardal · wall_segment Palisade Wall x2 |
| 7:07 | Water · wall_segment Palisade Wall x1 |
| 8:01 | machpatel · wall_segment Palisade Wall x2 |
| 8:04 | machpatel · wall_segment Palisade Wall x6 |
| 8:04 | FalconElPardal · first_building Barracks |
| 8:17 | Water · wall_segment Palisade Wall x5 |
| 8:18 | Water · wall_segment Palisade Wall x1 |
| 9:05 | FalconElPardal · wall_segment Palisade Wall x3 |
| 9:08 | FalconElPardal · wall_segment Palisade Wall x3 |
| 9:08 | FalconElPardal · wall_segment Palisade Wall x1 |
| 9:09 | FalconElPardal · wall_segment Palisade Wall x3 |
| 9:10 | Lolokoil · first_building Donjon |
| 9:10 | FalconElPardal · wall_segment Palisade Wall x3 |
| 9:18 | FalconElPardal · wall_segment Palisade Wall x8 |
| 9:28 | Water · wall_segment Palisade Wall x5 |
| 9:30 | Water · wall_segment Palisade Wall x2 |
| 9:55 | Water · first_building Barracks |
| 9:57 | Valar · wall_segment Palisade Wall x11 |
| 10:38 | FalconElPardal · wall_segment Palisade Wall x8 |
| 10:54 | Lolokoil · age_up feudal |
| 10:55 | Valar · age_up feudal |
| 10:55 | Ux' 25 BoomiN · age_up feudal |
| 11:04 | Legion64 · age_up feudal |
| 11:11 | Wolf Knight · age_up feudal |
| 11:26 | Water · age_up feudal |
| 11:27 | machpatel · wall_segment Palisade Wall x5 |
| 11:29 | Valar · wall_segment Palisade Wall x1 |
| 11:50 | Valar · first_market_sell 100 stone |
| 11:53 | machpatel · wall_segment Palisade Wall x1 |
| 11:55 | machpatel · wall_segment Palisade Wall x1 |
| 11:58 | Valar · wall_segment Palisade Wall x1 |
| 11:59 | Valar · wall_segment Palisade Wall x1 |
| 12:05 | Legion64 · wall_segment Stone Wall x7 |
| 12:05 | Valar · wall_segment Palisade Wall x1 |
| 12:11 | Valar · wall_segment Palisade Wall x1 |
| 12:13 | Valar · wall_segment Palisade Wall x1 |
| 12:20 | Water · first_market_sell 100 stone |
| 12:27 | Lolokoil · wall_segment Palisade Wall x8 |
| 12:27 | Water · first_building Stable |
| 12:27 | Valar · wall_segment Palisade Wall x1 |
| 12:31 | Valar · wall_segment Palisade Wall x1 |
| 12:31 | machpatel · wall_segment Palisade Wall x8 |
| 12:34 | machpatel · wall_segment Palisade Wall x2 |
| 12:39 | Valar · wall_segment Stone Wall x7 |
| 12:46 | machpatel · age_up feudal |
| 12:50 | Valar · wall_segment Palisade Wall x1 |
| 12:52 | Valar · wall_segment Palisade Wall x1 |
| 13:08 | Ux' 25 BoomiN · first_building Barracks |
| 13:13 | Valar · wall_segment Palisade Wall x1 |
| 13:14 | machpatel · wall_segment Palisade Wall x1 |
| 13:27 | machpatel · first_building Barracks |
| 13:59 | Legion64 · wall_segment Palisade Wall x1 |
| 14:00 | machpatel · first_building Archery Range |
| 14:04 | Ux' 25 BoomiN · first_building Stable |
| 14:26 | Ux' 25 BoomiN · age_up castle |
| 14:26 | machpatel · wall_segment Palisade Wall x1 |
| 14:29 | Valar · first_market_buy 100 stone |
| 14:32 | Valar · age_up castle |
| 15:02 | machpatel · wall_segment Palisade Wall x2 |
| 15:03 | Water · age_up castle |
| 15:08 | Wolf Knight · age_up castle |
| 15:42 | Legion64 · wall_segment Stone Wall x3 |
| 16:07 | Ux' 25 BoomiN · first_market_buy 100 food |
| 16:08 | Water · first_market_buy 100 wood |
| 16:09 | Legion64 · wall_segment Stone Wall x3 |
| 16:12 | Water · first_building Siege Workshop |
| 16:23 | FalconElPardal · age_up feudal |
| 17:02 | FalconElPardal · wall_segment Stone Wall x1 |
| 17:03 | FalconElPardal · wall_segment Stone Wall x1 |
| 17:06 | Legion64 · age_up castle |
| 17:13 | FalconElPardal · wall_segment Stone Wall x1 |
| 17:13 | FalconElPardal · wall_segment Stone Wall x1 |
| 17:18 | Legion64 · first_building Siege Workshop |
| 17:24 | FalconElPardal · wall_segment Stone Wall x14 |
| 17:37 | Water · first_building Monastery |
| 17:46 | FalconElPardal · first_market_buy 100 food |
| 17:47 | FalconElPardal · first_market_sell 100 wood |
| 17:49 | machpatel · first_market_buy 100 stone |
| 18:07 | Wolf Knight · first_market_buy 100 stone |
| 18:29 | FalconElPardal · wall_segment Stone Wall x6 |
| 18:30 | machpatel · wall_segment Palisade Wall x1 |
| 18:31 | FalconElPardal · wall_segment Stone Wall x1 |
| 19:11 | Wolf Knight · first_building Siege Workshop |
| 20:02 | machpatel · wall_segment Palisade Wall x1 |
| 21:10 | Valar · first_building Monastery |
| 21:13 | FalconElPardal · age_up castle |
| 21:18 | FalconElPardal · first_building Monastery |
| 21:25 | machpatel · first_market_sell 100 wood |
| 21:32 | machpatel · wall_segment Palisade Wall x1 |
| 21:36 | Lolokoil · first_market_sell 100 wood |
| 21:36 | Lolokoil · first_market_buy 100 food |
| 21:37 | Ux' 25 BoomiN · first_market_sell 100 wood |
| 21:44 | machpatel · wall_segment Stone Wall x7 |
| 21:48 | machpatel · wall_segment Stone Wall x1 |
| 21:48 | machpatel · wall_segment Stone Wall x1 |
| 21:53 | Legion64 · first_market_buy 100 food |
| 22:05 | Lolokoil · first_building Barracks |
| 22:22 | machpatel · wall_segment Stone Wall x1 |
| 22:26 | machpatel · wall_segment Stone Wall x3 |
| 22:32 | machpatel · wall_segment Stone Wall x1 |
| 22:32 | machpatel · wall_segment Stone Wall x1 |
| 22:52 | machpatel · wall_segment Stone Wall x1 |
| 22:54 | machpatel · wall_segment Stone Wall x1 |
| 22:56 | machpatel · wall_segment Stone Wall x1 |
| 22:59 | machpatel · wall_segment Stone Wall x1 |
| 23:32 | FalconElPardal · first_building Siege Workshop |
| 24:09 | Legion64 · wall_segment Stone Wall x1 |
| 24:12 | Legion64 · wall_segment Stone Wall x1 |
| 24:17 | Lolokoil · age_up castle |
| 25:36 | Lolokoil · first_building Castle |
| 25:53 | Valar · first_building Castle |
| 26:06 | machpatel · age_up castle |
| 26:38 | Legion64 · wall_segment Stone Wall x1 |
| 26:45 | machpatel · first_building Monastery |
| 27:11 | Wolf Knight · first_building Barracks |
| 27:19 | Legion64 · first_building Monastery |
| 27:20 | Lolokoil · first_building Siege Workshop |
| 27:30 | FalconElPardal · first_building Castle |
| 27:38 | Water · wall_segment Stone Wall x8 |
| 27:40 | Wolf Knight · first_market_sell 500 wood |
| 27:46 | Valar · first_building Barracks |
| 27:53 | Wolf Knight · first_building Castle |
| 27:58 | Wolf Knight · first_building Archery Range |
| 29:04 | Valar · first_building Stable |
| 29:35 | Ux' 25 BoomiN · first_building Monastery |
| 29:42 | Valar · wall_segment Stone Wall x10 |
| 29:46 | Valar · age_up imperial |
| 30:11 | Ux' 25 BoomiN · first_building Castle |
| 30:12 | Lolokoil · wall_segment Stone Wall x14 |
| 30:30 | Legion64 · first_building Barracks |
| 30:56 | Wolf Knight · age_up imperial |
| 31:04 | Water · first_building Castle |
| 31:12 | Legion64 · first_building Castle |
| 31:25 | Legion64 · first_building Archery Range |
| 31:37 | Lolokoil · wall_segment Stone Wall x2 |
| 31:38 | Lolokoil · wall_segment Stone Wall x1 |
| 31:39 | Lolokoil · wall_segment Stone Wall x1 |
| 31:41 | Lolokoil · wall_segment Stone Wall x10 |
| 31:42 | Legion64 · age_up imperial |
| 32:06 | Lolokoil · first_building Stable |
| 32:30 | Legion64 · wall_segment Stone Wall x1 |
| 32:43 | Lolokoil · wall_segment Stone Wall x1 |
| 32:48 | Lolokoil · age_up imperial |
| 32:57 | Lolokoil · wall_segment Stone Wall x9 |
| 33:27 | Lolokoil · first_building Archery Range |
| 33:35 | Ux' 25 BoomiN · age_up imperial |
| 33:46 | Lolokoil · wall_segment Stone Wall x10 |
| 34:01 | Lolokoil · wall_segment Stone Wall x6 |
| 34:17 | FalconElPardal · age_up imperial |
| 34:19 | FalconElPardal · first_building Archery Range |
| 35:24 | Water · wall_segment Stone Wall x18 |
| 35:45 | Water · wall_segment Stone Wall x5 |
| 35:47 | Legion64 · first_building Stable |
| 35:49 | Valar · first_building Siege Workshop |
| 36:56 | Water · wall_segment Stone Wall x2 |
| 37:22 | Water · first_building Archery Range |
| 37:41 | Water · wall_segment Stone Wall x1 |
| 37:47 | Valar · tribute_sent a jugador 1 |
| 37:47 | Valar · tribute_sent a jugador 3 |
| 37:47 | Valar · tribute_sent a jugador 4 |
| 37:47 | Valar · tribute_sent a jugador 5 |
| 37:47 | Valar · tribute_sent a jugador 6 |
| 37:47 | Valar · tribute_sent a jugador 7 |
| 37:47 | Valar · tribute_sent a jugador 8 |
| 40:25 | Water · age_up imperial |
| 42:16 | Water · resign |
[ AI ANALYSIS · 1 CREDIT ]
What really happened in this match?
Wolo.gg analyzes every decision: build order, eco, micro, common mistakes by bracket. Personalized analysis on WhatsApp or Discord in 30 seconds.
Civ guide
Byzantines
Perfil
Wolf Knight